Map: Orbital Shipyard

Players

LilDicky

  • Race: Terran Terran
  • League: Diamond

Fiveandahalf - Winner!

  • Race: Terran Terran
  • League: Diamond

VOD

http://www.twitch.tv/tumescentpie

Description

Time

  • Played on: Dec. 10, 2015, 11:23 a.m.
  • Length: 6:45
Show
View Real Time Build Order
Export as new Build Order

LilDicky Terran 

Build Orders: Banshee Rush 

Get SALT Encoding   

  12  0:01  SCV  
  13  0:13  SCV  
  14  0:18  Supply Depot  
  14  0:25  SCV  
  15  0:29  Refinery  
  15  0:40  SCV  
  16  0:45  Barracks  
  16  0:52  SCV  
  17  1:04  SCV  
  18  1:16  SCV  
  19  1:28  SCV  
  19  1:32  Reaper  
  21  1:42  Command Center  
  21  1:48  Orbital Command  
  21  2:04  Supply Depot  
  21  2:05  Marine  
  22  2:15  Factory  
  22  2:16  SCV  
  22  2:18  Refinery  
  23  2:26  Marine  
  23  2:29  SCV  
  25  2:39  Supply Depot  
  25  2:43  Marine  
  26  2:53  SCV  
  26  2:57  Orbital Command  
  26  3:02  Factory Tech Lab  
  26  3:03  Starport, Marine  
  26  3:05  SCV  
  28  3:12  Refinery  
  28  3:17  SCV  
  29  3:21  Marine  
  30  3:34  SCV x2  
  32  3:42  Engineering Bay  
  32  3:46  SCV x2  
  34  3:48  Cloaking Field  
  34  3:50  Supply Depot, Banshee  
  34  3:54  Marine  
  34  4:05  Hellion  
  34  4:06  SCV  
  36  4:19  Marine  
  36  4:20  SCV  
  35  4:36  Hellion  
  35  4:37  Marine  
  38  4:41  Banshee  
  41  4:58  Factory Tech Lab  
  41  5:01  Command Center  
  41  5:02  SCV x2  
  43  5:07  Missile Turret  
  43  5:09  Missile Turret  
  43  5:14  SCV x2  
  43  5:19  Cyclone  
  48  5:26  SCV x2  
  53  5:42  SCV, Viking  
  53  5:43  Supply Depot  
  40  6:03  Siege Tank  
Show
View Real Time Build Order
Export as new Build Order

Fiveandahalf Terran - Winner!

Build Orders: Hellion Banshee 

Get SALT Encoding   

  12  0:00  SCV  
  13  0:12  Refinery  
  13  0:16  SCV  
  14  0:24  Supply Depot  
  14  0:29  SCV  
  15  0:46  SCV  
  15  0:48  Barracks  
  16  0:58  SCV  
  17  1:10  SCV  
  18  1:22  SCV  
  19  1:35  Orbital Command  
  19  1:37  Factory  
  19  1:39  Barracks Reactor  
  19  1:42  Supply Depot  
  19  2:00  SCV  
  20  2:13  SCV  
  21  2:24  Marine  
  21  2:25  SCV  
  21  2:28  Hellion x2  
  27  2:31  Command Center  
  27  2:38  SCV  
  27  2:43  Supply Depot  
  28  2:54  SCV, Hellion  
  31  3:05  Hellion, Starport  
  33  3:10  SCV  
  34  3:13  Refinery  
  34  3:20  Barracks Tech Lab  
  34  3:23  Supply Depot  
  34  3:24  SCV  
  35  3:30  Hellion  
  35  3:31  Hellion  
  39  3:43  SCV  
  40  3:49  Banshee, Barracks Tech Lab, Starport  
  40  3:50  SCV  
  40  4:03  Hellion x2  
  40  4:08  SCV  
  45  4:10  Orbital Command  
  45  4:20  SCV  
  46  4:25  Barracks Tech Lab  
  44  4:31  Supply Depot  
  44  4:32  SCV  
  44  4:38  Banshee  
  48  4:41  Banshee  
  48  4:44  Hellion x2  
  55  4:47  SCV  
  55  4:48  SCV  
  57  4:59  SCV  
  58  5:06  SCV  
  59  5:11  SCV  
  59  5:12  Refinery  
  60  5:15  Hellion x2  
  60  5:16  Refinery  
  60  5:20  Viking  
  66  5:24  Viking  
  66  5:28  SCV x2  
  68  5:38  Hellion x2  
  68  5:40  SCV  
  65  5:50  Viking  
  65  5:54  Viking  
  69  6:04  Hellion  
  70  6:06  Hellion  
  56  6:21  SCV x2  
Tags
 
Add a new tag
Caveats
  • Supply blocks, unpowered buildings, or Contaminate may cause inaccurate times.
  • Supply counts are checked every 10 seconds.